 Dungeon Crawl Stone Soup version 0.28-a0-1152-g9c71ebef14 (console) character file.

Game seed: 14605397679104961663

1393 jejorda2 the Spear-Bearer (level 8, -1/96 HPs)
             Began as a Merfolk Berserker on Dec 15, 2021.
             Was a Believer of Trog.
             Splashed by a jelly's acid (3 damage)
             ... on level 6 of the Dungeon.
             The game lasted 00:10:34 (6466 turns).

jejorda2 the Spear-Bearer (Merfolk Berserker)       Turns: 6466, Time: 00:10:35

Health: -1/96      AC: -9    Str: 19    XL:     8   Next: 68%
Magic:  8/8        EV: 10    Int:  7    God:    Trog [**....]
Gold:   316        SH:  5    Dex: 13    Spells: 7/7 levels left

rFire   . . .      SeeInvis .   a - +0 trident
rCold   . . .      Faith    .   (no shield)
rNeg    . . .      Spirit   .   r - +0 scale mail
rPois   .          Reflect  +   (no helmet)
rElec   .          Harm     .   (no cloak)
rCorr   .          Rampage  .   p - +2 pair of gloves
Will    .....                   (no boots)
Stlth   ..........              o - amulet of reflection
HPRegen 0.26/turn               (no ring)
MPRegen 0.11/turn               (no ring)

@: berserking, corroded, very quick
A: (nimble swimmer 2), mertail
a: Renounce Religion, Berserk, Trog's Hand


You were on level 6 of the Dungeon.
You worshipped Trog.
Trog was pleased with you.
You visited 1 branch of the dungeon, and saw 6 of its levels.

You collected 316 gold pieces.

Inventory:

Hand Weapons
 a - a +0 trident (weapon)
Missiles
 c - 152 stones
 h - 11 poisoned darts (quivered)
 m - 3 boomerangs
Armour
 p - a +2 pair of gloves (worn)
 r - a +0 scale mail (worn)
Jewellery
 o - an amulet of reflection (around neck)
Wands
 f - a wand of charming (11)
 l - a wand of iceblast (7)
Scrolls
 e - 6 scrolls of identify
 g - 3 scrolls of teleportation
 i - 5 scrolls of fog
 s - a scroll of fear
Potions
 d - 2 potions of curing {unknown}
 j - a potion of heal wounds
 k - a potion of lignification {unknown}
 n - a potion of invisibility {unknown}


   Skills:
 - Level 6.0 Fighting
 * Level 11.6 Polearms
 + Level 4.2 Armour
 - Level 2.6 Dodging


You had 7 spell levels left.
You didn't know any spells.
Your spell library was empty.

Dungeon Overview and Level Annotations

Branches:
Dungeon (6/15)
 Temple: D:4-7

Altars:
Elyvilon
Okawaru
Ru
Xom

Shops:
D:4 =


Innate Abilities, Weirdness & Mutations

((You are quick and stealthy near water. (Stealth+, EV+, Speed+++)))
Your lower body shifts to a powerful aquatic tail in water.


Message History

A jelly is nearby!
The jelly quivers.
You hit the jelly. The acid corrodes you!
Your hands burn!
The jelly is lightly wounded.
You block the jelly's attack.
You hit the jelly but do no damage. The acid corrodes you!
Your hands burn!
The jelly is lightly wounded.
You puncture the jelly!
Your hands burn!
The jelly is heavily wounded.
The jelly hits you but does no damage.
You hit the jelly but do no damage.
Your hands burn!
The jelly is heavily wounded.
The jelly barely misses you.
You hit the jelly. The acid corrodes you!
Your hands burn!
The jelly is severely wounded.
You hit the jelly but do no damage.
Your hands burn!
The jelly is severely wounded.
The jelly hits you. The acid corrodes you!
You are splashed with acid!
You hit the jelly but do no damage.
Your hands burn!
The jelly is severely wounded.
The jelly hits you.
You are splashed with acid!
* * * LOW HITPOINT WARNING * * *
You are too injured to fight recklessly!
You are too injured to fight recklessly!
You are too injured to fight recklessly!
You are too injured to fight recklessly!
You hit the jelly.
Your hands burn!
* * * LOW HITPOINT WARNING * * *
The jelly is almost dead.
The jelly hits you.
* * * LOW HITPOINT WARNING * * *
The acid corrodes you!
You are splashed with acid.
* * * LOW HITPOINT WARNING * * *
A red film seems to cover your vision as you go berserk!
You feel yourself moving faster!
You feel mighty! The jelly hits you.
* * * LOW HITPOINT WARNING * * *
You are splashed with acid!
* * * LOW HITPOINT WARNING * * *
You hit the jelly.
Your hands burn!
You die...

.. .o ... #.##.##.# .. ...
>....o..# ..# ...
.......J####..# ..# .
....Z{.>.#..... #.## .##
............# ###..###...
#.........###.#........
#........#.J.......#
##.##.##...#@......#
#####..#####.......#
##..#...............# .
#.{.....###.###.....#
.###.#..##.#8...8#.....#
..<..#####.###.###.#######
....##
###8...8#####<#.#####
...## ###.#####.))....#.##
YJ### #8...8#.##.........#


You could see a jelly.

Vanquished Creatures
  An ice beast (D:6)
  A sky beast (D:5)
  A necrophage (D:6)
  2 phantoms (D:5)
  A bullfrog (D:6)
  4 scorpions
  A water moccasin zombie (D:5)
  A water moccasin skeleton (D:6)
  A centaur zombie (D:5)
  A bullfrog zombie (D:6)
  A hound (D:6)
  A jelly (D:5)
  2 bullfrog skeletons (D:5)
  An orc priest (D:6)
  Jessica (D:2)
  A centaur skeleton (D:6)
  3 orc wizards
  Natasha (thrice) (D:3)
  4 gnolls (D:5)
  4 adders
  2 ufetubi
  An adder skeleton (D:5)
  A worm (D:4)
  2 dart slugs
  8 orcs
  7 bats
  6 endoplasms
  3 giant cockroaches (D:1)
  2 goblins
  4 hobgoblins
  3 kobolds
  2 quokkas
  8 ball pythons
  6 frilled lizards
  A rat (D:3)
91 creatures vanquished.

Notes
Turn   | Place    | Note
-------+----------+-------------------------------------------
     0 | D:1      | jejorda2 the Merfolk Berserker began the quest for the Orb.
     0 | D:1      | Reached XP level 1. HP: 18/18 MP: 1/1
   229 | D:1      | Reached XP level 2. HP: 22/24 MP: 2/2
   436 | D:1      | Reached skill level 5 in Polearms
  1129 | D:2      | Noticed Jessica
  1143 | D:2      | Killed Jessica
  1144 | D:2      | Reached XP level 3. HP: 19/30 MP: 3/3
  1310 | D:2      | Noticed a scorpion
  1317 | D:2      | Killed a scorpion
  1318 | D:2      | Reached skill level 6 in Polearms
  1318 | D:2      | Reached XP level 4. HP: 37/37 MP: 4/4
  1517 | D:2      | Reached XP level 5. HP: 42/42 MP: 5/5
  2017 | D:3      | Found a white marble altar of Elyvilon.
  2111 | D:3      | Noticed Natasha
  2120 | D:3      | Killed Natasha
  2120 | D:3      | Reached ** piety under Trog
  2964 | D:3      | Found a white marble altar of Elyvilon.
  2966 | D:3      | Noticed Natasha
  2974 | D:3      | Killed Natasha
  2975 | D:3      | Reached skill level 7 in Polearms
  3023 | D:3      | Noticed Natasha
  3030 | D:3      | Killed Natasha
  3174 | D:4      | Reached XP level 6. HP: 49/49 MP: 6/6
  3236 | D:4      | Found Denapaym's Jewellery Shoppe.
  3326 | D:4      | Reached skill level 8 in Polearms
  3897 | D:5      | Entered Level 5 of the Dungeon
  4341 | D:5      | Found an iron altar of Okawaru.
  4341 | D:5      | Found a shimmering altar of Xom.
  4348 | D:5      | Reached skill level 5 in Fighting
  4348 | D:5      | Reached XP level 7. HP: 40/56 MP: 7/7
  4855 | D:5      | Reached skill level 9 in Polearms
  5531 | D:5      | Found a sacrificial altar of Ru.
  5632 | D:6      | Reached skill level 10 in Polearms
  5632 | D:6      | Reached XP level 8. HP: 64/64 MP: 8/8
  5977 | D:6      | Reached skill level 11 in Polearms
  6465 | D:6      | HP: 2/96 [acid (9)]
  6466 | D:6      | Splashed by a jelly's acid

Illustrated notes

Levels and vault maps discovered:
D:1:      denvon_arrival_hothouse, layout_loops_ring,
          amcnicky_mini_rare_corridor_liquid
D:2:      layout_loops_ring, uniq_jessica
D:3:      layout_loops_ring, lemuel_crystal_altar, uniq_natasha
D:4:      layout_cave_pools, serial_shops, nicolae_stop_n_shop_1
D:5:      layout_loops_ring, nicolae_ru_the_path_less_chosen,
          chequers_temple_overflow_statue_of_worship
D:6:      layout_cave_pools, nicolae_wu_jian_wuxing_cycle,
          mainiacjoe_overflow_tiny_flanked, minmay_temple_entry_large_hall,
          gammafunk_ghost_cemetery, minmay_misc_feat_hallway

Skill      XL: |  1  2  3  4  5  6  7  8 |
---------------+-------------------------+-----
Polearms       | 5 6 7 8 10 11 | 11.6
Fighting       | 4 5 6 |  6.0
Armour         | 2 3 4 |  4.2
Dodging        | |  2.6

Action                   |  1- 3 |  4- 6 |  7- 9 || total
-------------------------+-------+-------+-------++-------
Melee: Spear             |    79 |   176 |   171 ||   426
       Trident           |       |       |    37 ||    37
Throw: Stone             |    19 |    17 |       ||    36
       Dart              |     3 |     5 |     2 ||    10
Invok: Berserk           |     2 |     4 |     6 ||    12
       Trog's Hand       |       |       |     2 ||     2
  Use: Scroll            |       |     7 |       ||     7
Armor: Animal skin       |     3 |       |       ||     3
       Ring mail         |     8 |    36 |    40 ||    84
       Scale mail        |       |       |    12 ||    12
Dodge: Dodged            |    26 |    67 |    65 ||   158
Block: Other             |       |       |    21 ||    21

Table legend: (Time is in decaauts)
 A = Elapsed time spent in this place.
 B = Non-inter-level travel time spent in this place.
 C = Inter-level travel time spent in this place.
 D = Time resting spent in this place.
 E = Time spent auto-exploring this place.
 F = Levels seen in this place.
 G = Mean time per level.
                   A        B        C        D        E       F      G
               +--------+--------+--------+--------+--------+-----+--------+
         Total |   6448 |   6248 |    200 |    883 |   4507 |   6 | 1074.7 |
       Dungeon |   6448 |   6248 |    200 |    883 |   4507 |   6 | 1074.7 |
               +--------+--------+--------+--------+--------+-----+--------+

Top non-repeatable levels by time:
     D:5: 1860 daAuts
     D:3: 1148 daAuts
     D:4: 1057 daAuts
     D:1: 1040 daAuts
     D:2: 929 daAuts
     D:6: 411 daAuts
